 Dungeon Crawl Stone Soup version 0.21.1-1-g345015f (webtiles) character file.

473 tidbits the Charmwright (level 7, -11/84 HPs)
             Began as a Gnoll Skald on June 20, 2018.
             Mangled by an ogre
             ... wielding a +0 giant spiked club
              (17 damage)
             ... on level 6 of the Dungeon.
             The game lasted 00:07:43 (840 turns).

tidbits the Charmwright (Gnoll Skald)                Turns: 840, Time: 00:07:44

Health: -11/84     AC: 23    Str: 14    XL:     7   Next: 10%
Magic:  2/15       EV:  2    Int: 17    God:
Gold:   22         SH:  0    Dex: 14    Spells: 6/17 levels left

rFire    . . .     SeeInvis .   a - +0 war axe
rCold    . . .     Gourm    .   (no shield)
rNeg     + + +     Faith    .   (armour currently unavailable)
rPois    +         Spirit   .   (helmet currently unavailable)
rElec    .         Reflect  .   (cloak currently unavailable)
rCorr    +         Harm     .   (gloves currently unavailable)
MR       .....     NoTele   +   (boots currently unavailable)
Stlth    ++........             (no amulet)
HPRegen  0.24/turn              s - ring of resist corrosion
MPRegen  0.14/turn              (no ring)

@: tree-form, singing, very slightly contaminated
A: distributed training, strong nose
a: no special abilities


You were on level 6 of the Dungeon.
You were hungry.
You were a tree.
You visited 1 branch of the dungeon, and saw 6 of its levels.

You collected 110 gold pieces.
You spent 88 gold pieces at shops.

Inventory:

Hand Weapons
 a - a +0 war axe (weapon)
 f - a +0 long sword
 h - a +0 dagger
 j - a +0 flail
 k - a +0 hand axe
Missiles
 t - 24 sling bullets
Armour
 b - a +0 leather armour
 g - a +0 ring mail (melded)
 u - the +1 robe "Voyhut" {rF+ rC- Str+8}
   (You found it on level 5 of the Dungeon)

   It affects your strength (+8).
   It protects you from fire.
   It makes you vulnerable to cold.
Jewellery
 s - a ring of resist corrosion (left branch)
   (You found it on level 6 of the Dungeon)
Scrolls
 e - 3 scrolls of identify {unknown}
 i - a scroll of random uselessness {unknown}
 o - a scroll of remove curse {unknown}
 q - a scroll of teleportation {unknown}
Potions
 l - a potion of lignification
 m - a potion of degeneration {unknown}
 n - 2 potions of curing
 r - 2 potions of flight {unknown}
Books
 c - a book of Battle

   Spells                             Type                      Level
   a - Infusion                       Charms                       1
   b - Shroud of Golubria             Charms/Translocation         2
   c - Song of Slaying                Charms                       2
   d - Spectral Weapon                Hexes/Charms                 3
   e - Regeneration                   Charms/Necromancy            3
Comestibles
 d - 4 rations


   Skills:
 + Level 5.1 Fighting
 + Level 2.2 Short Blades
 + Level 2.2 Long Blades
 + Level 5.1 Axes
 + Level 2.2 Maces & Flails
 + Level 2.2 Polearms
 + Level 2.2 Staves
 + Level 2.2 Slings
 + Level 2.2 Bows
 + Level 2.2 Crossbows
 + Level 2.2 Throwing
 + Level 3.4 Armour
 + Level 5.1 Dodging
 + Level 2.2 Stealth
 + Level 2.2 Shields
 + Level 2.2 Unarmed Combat
 + Level 5.5 Spellcasting
 + Level 1.8 Conjurations
 + Level 1.8 Hexes
 + Level 5.7 Charms
 + Level 1.8 Summonings
 + Level 1.8 Necromancy
 + Level 1.8 Translocations
 + Level 1.8 Transmutations
 + Level 1.8 Fire Magic
 + Level 1.8 Ice Magic
 + Level 1.8 Air Magic
 + Level 1.8 Earth Magic
 + Level 1.8 Poison Magic
 + Level 2.4 Invocations
 + Level 2.2 Evocations


You had 6 spell levels left.
You knew the following spells:

 Your Spells              Type           Power        Failure   Level  Hunger
g - Shroud of Golubria    Chrm/Tloc      ###.......   4%          2    #......
i - Infusion              Chrm           ###.         1%          1    None
r - Regeneration          Chrm/Necr      ###.......   9%          3    ##.....
w - Spectral Weapon       Hex/Chrm       ###.....     9%          3    ##.....
y - Song of Slaying       Chrm           ###.....     1%          2    #......


Dungeon Overview and Level Annotations

Branches:
Dungeon (6/15)
 Temple: D:4-7

Altars:

Shops:
D:4 !:


Innate Abilities, Weirdness & Mutations

Your experience applies equally to all skills.
((You have very sharp teeth.))
Your uncanny sense of smell can sniff out nearby items.


Message History

The orc hits you but does no damage. The orc warrior barely misses you.
The centaur skeleton hits you.
* * * LOW HITPOINT WARNING * * *
The gnoll hits you but does no damage.
The bullfrog hits you but does no damage.
Okay, then.
Unknown command.
You hit the orc warrior.
The orc warrior is moderately wounded.
You slash the adder!
You kill the adder!
You closely miss the howler monkey. You hit the bullfrog.
You slash the centaur skeleton! You hit the orc.
You kill the orc!
You closely miss the gnoll. You hit the adder. The adder bites you.
* * * LOW HITPOINT WARNING * * *
The howler monkey hits you but does no damage.
The bullfrog hits you but does no damage.
The centaur skeleton hits you but does no damage.
The orc warrior hits you with a flail.
* * * LOW HITPOINT WARNING * * *
The gnoll hits you but does no damage. The adder bites you but does no damage.
The howler monkey hits you but does no damage.
Unknown command.
Okay, then.
You hit the orc warrior.
The orc warrior is heavily wounded.
You hit the hound skeleton. You slash the howler monkey!
You slash the bullfrog!
You kill the bullfrog!
Your Fighting skill increases to level 5!
Your Short Blades skill increases to level 2!
Your Long Blades skill increases to level 2!
Your Axes skill increases to level 5!
Your Maces & Flails skill increases to level 2!
Your Polearms skill increases to level 2!
Your Staves skill increases to level 2!
Your Slings skill increases to level 2!
Your Bows skill increases to level 2!
Your Crossbows skill increases to level 2!
Your Throwing skill increases to level 2!
Your Dodging skill increases to level 5!
Your Stealth skill increases to level 2!
Your Shields skill increases to level 2!
Your Unarmed Combat skill increases to level 2!
Your Evocations skill increases to level 2!
You slash the centaur skeleton! You slash the hound! You slash the gnoll!
You kill the gnoll!
You barely miss the adder.
You feel sick. The hound bites you but does no damage.
The orc warrior hits you but does no damage.
The centaur skeleton hits you.
* * * LOW HITPOINT WARNING * * *
The hound skeleton bites you but does no damage.
The adder bites you but does no damage. The hound bites you but does no damage.
The howler monkey hoots and howls with incredible vigour!
The centaur skeleton hits you but does no damage.
The orc warrior hits you with a flail!
* * * LOW HITPOINT WARNING * * *
The hound skeleton bites you but does no damage.
You hear an angry hiss. x2; You hear a shout! x2; You hear an angry hiss.
Unknown command.
You feel better. The hound bites you but does no damage. The adder bites you.
* * * LOW HITPOINT WARNING * * *
The howler monkey hits you but does no damage.
The centaur skeleton hits you but does no damage.
The hound skeleton bites you but does no damage.
The orc warrior hits you but does no damage.
The hound bites you but does no damage. The adder bites you but does no damage.
You hit the orc warrior but do no damage.
The orc warrior is heavily wounded.
You barely miss the hound skeleton. You slash the howler monkey!
You kill the howler monkey!
You slash the centaur skeleton!
You destroy the centaur skeleton!
You have reached level 7!
You slash the hound!
You kill the hound!
You miss the adder. The orc warrior hits you with a flail!
* * * LOW HITPOINT WARNING * * *
The hound skeleton bites you but does no damage.
The adder bites you but does no damage.
The hound skeleton bites you but does no damage.
The orc warrior hits you with a flail.
* * * LOW HITPOINT WARNING * * *
The ogre hits you but does no damage.
An adder and a crimson imp come into view.
You feel better. The adder bites you but does no damage.
The hound skeleton bites you but does no damage.
The orc warrior hits you but does no damage.
You closely miss the orc warrior.
The orc warrior is heavily wounded.
You completely miss the hound skeleton. You slash the ogre!
You slash the adder!
You kill the adder!
The hound skeleton bites you.
* * * LOW HITPOINT WARNING * * *
The orc warrior hits you with a flail.
* * * LOW HITPOINT WARNING * * *
The ogre hits you with a giant spiked club!
You die...

......#.######
............(#
.............#
.............#
..S..........#
.............# ......
.......oZ....## .......
......)♣)......
........
......)O)....##
......................#
).....................#
......................#
......................#
..........5...........#
..............$.......#
.........


You could see an orc warrior, an ogre, a crimson imp, an adder and a hound
skeleton.

Vanquished Creatures
  A phantom (D:4)
  A bullfrog (D:6)
  A howler monkey (D:6)
  A centaur skeleton (D:6)
  2 orc priests (D:6)
  A hound (D:6)
  3 worker ants
  A hound skeleton (D:4)
  2 gnolls (D:6)
  4 adders
  A shadow imp (D:5)
  A dart slug (D:2)
  2 orcs
  2 giant cockroaches (D:3)
  2 goblins
  2 hobgoblins
  4 jackals (D:3)
  A kobold (D:2)
  5 frilled lizards
  2 rats
39 creatures vanquished.

Vanquished Creatures (others)
  A spectral weapon (D:6)
1 creature vanquished.

Grand Total: 40 creatures vanquished

Notes
Turn   | Place    | Note
-------+----------+-------------------------------------------
     0 | D:1      | tidbits the Gnoll Skald began the quest for the Orb.
     0 | D:1      | Reached XP level 1. HP: 20/20 MP: 6/6
   133 | D:2      | Reached XP level 2. HP: 20/26 MP: 3/7
   138 | D:2      | Learned a level 2 spell: Song of Slaying
   141 | D:2      | Learned a level 2 spell: Shroud of Golubria
   288 | D:4      | Found Eggin's Book Boutique.
   320 | D:4      | Reached skill level 5 in Spellcasting
   320 | D:4      | Reached XP level 3. HP: 24/31 MP: 2/9
   325 | D:4      | Learned a level 3 spell: Regeneration
   330 | D:4      | Learned a level 3 spell: Spectral Weapon
   389 | D:3      | Reached skill level 1 in Invocations
   424 | D:3      | Noticed a phantom
   465 | D:4      | Reached skill level 1 in Short Blades
   465 | D:4      | Reached skill level 1 in Long Blades
   465 | D:4      | Reached skill level 1 in Maces & Flails
   465 | D:4      | Reached skill level 1 in Polearms
   465 | D:4      | Reached skill level 1 in Staves
   465 | D:4      | Reached skill level 1 in Slings
   465 | D:4      | Reached skill level 1 in Bows
   465 | D:4      | Reached skill level 1 in Crossbows
   465 | D:4      | Reached skill level 1 in Throwing
   465 | D:4      | Reached skill level 1 in Stealth
   465 | D:4      | Reached skill level 1 in Shields
   465 | D:4      | Reached skill level 1 in Unarmed Combat
   465 | D:4      | Reached skill level 1 in Evocations
   465 | D:4      | Reached XP level 4. HP: 24/38 MP: 3/11
   544 | D:4      | Noticed a phantom
   564 | D:4      | Found Wuosioch's Distillery.
   574 | D:4      | Killed a phantom
   574 | D:4      | Reached skill level 3 in Armour
   574 | D:4      | Reached skill level 1 in Conjurations
   574 | D:4      | Reached skill level 1 in Hexes
   574 | D:4      | Reached skill level 1 in Summonings
   574 | D:4      | Reached skill level 1 in Necromancy
   574 | D:4      | Reached skill level 1 in Translocations
   574 | D:4      | Reached skill level 1 in Transmutations
   574 | D:4      | Reached skill level 1 in Fire Magic
   574 | D:4      | Reached skill level 1 in Ice Magic
   574 | D:4      | Reached skill level 1 in Air Magic
   574 | D:4      | Reached skill level 1 in Earth Magic
   574 | D:4      | Reached skill level 1 in Poison Magic
   574 | D:4      | Reached XP level 5. HP: 26/43 MP: 5/12
   580 | D:4      | Bought a potion of curing for 33 gold pieces
   580 | D:4      | Bought a potion of heal wounds for 55 gold pieces
   603 | D:5      | Entered Level 5 of the Dungeon
   637 | D:5      | Noticed an ice beast
   637 | D:5      | Noticed an ice beast
   770 | D:5      | Got an opalescent robe
   781 | D:5      | Identified the +1 robe "Voyhut" {rF+ rC- Str+8} (You found it on level 5 of the Dungeon)
   825 | D:6      | Noticed an orc warrior
   831 | D:6      | Reached skill level 2 in Invocations
   831 | D:6      | Reached XP level 6. HP: 50/50 MP: 0/13
   836 | D:6      | Reached skill level 5 in Fighting
   836 | D:6      | Reached skill level 2 in Short Blades
   836 | D:6      | Reached skill level 2 in Long Blades
   836 | D:6      | Reached skill level 5 in Axes
   836 | D:6      | Reached skill level 2 in Maces & Flails
   836 | D:6      | Reached skill level 2 in Polearms
   836 | D:6      | Reached skill level 2 in Staves
   836 | D:6      | Reached skill level 2 in Slings
   836 | D:6      | Reached skill level 2 in Bows
   836 | D:6      | Reached skill level 2 in Crossbows
   836 | D:6      | Reached skill level 2 in Throwing
   836 | D:6      | Reached skill level 5 in Dodging
   836 | D:6      | Reached skill level 2 in Stealth
   836 | D:6      | Reached skill level 2 in Shields
   836 | D:6      | Reached skill level 2 in Unarmed Combat
   836 | D:6      | Reached skill level 2 in Evocations
   836 | D:6      | HP: 6/76 [orc warrior/flail (7)]
   838 | D:6      | Reached XP level 7. HP: 11/56 MP: 1/15
   838 | D:6      | HP: 1/84 [orc warrior/flail (3)]
   840 | D:6      | Mangled by an ogre

Skill      XL: |  1  2  3  4  5  6 |
---------------+-------------------+-----
Spellcasting   | 5 |  5.5
Invocations    | 1 2 |  2.4
Short Blades   | 1 2 |  2.2
Long Blades    | 1 2 |  2.2
Maces & Flails | 1 2 |  2.2
Polearms       | 1 2 |  2.2
Staves         | 1 2 |  2.2
Slings         | 1 2 |  2.2
Bows           | 1 2 |  2.2
Crossbows      | 1 2 |  2.2
Throwing       | 1 2 |  2.2
Stealth        | 1 2 |  2.2
Shields        | 1 2 |  2.2
Unarmed Combat | 1 2 |  2.2
Evocations     | 1 2 |  2.2
Armour         | 3 |  3.4
Conjurations   | 1 |  1.8
Hexes          | 1 |  1.8
Summonings     | 1 |  1.8
Necromancy     | 1 |  1.8
Translocations | 1 |  1.8
Transmutations | 1 |  1.8
Fire Magic     | 1 |  1.8
Ice Magic      | 1 |  1.8
Air Magic      | 1 |  1.8
Earth Magic    | 1 |  1.8
Poison Magic   | 1 |  1.8
Fighting       | 5 |  5.1
Axes           | 5 |  5.1
Dodging        | 5 |  5.1
Charms         | |  5.7

Action                   |  1- 3 |  4- 6 |  7- 9 || total
-------------------------+-------+-------+-------++-------
Melee: Hand axe          |    13 |       |       ||    13
       War axe           |    17 |    37 |     1 ||    55
       Bite              |     3 |     6 |       ||     9
       Punch             |     1 |       |       ||     1
 Cast: Infusion          |     6 |     1 |       ||     7
       Spectral Weapon   |     3 |     6 |       ||     9
       Regeneration      |     1 |     1 |       ||     2
       Song of Slaying   |       |     1 |       ||     1
  Use: Potion            |       |     3 |     1 ||     4
Armor: Leather armour    |    17 |     5 |       ||    22
       Skin              |       |    62 |     7 ||    69
       Ring mail         |       |     2 |       ||     2
Dodge: Dodged            |    34 |    38 |       ||    72

Table legend:
 A = Turns spent in this place as a percentage of turns spent in the entire game.
 B = Non-inter-level travel turns spent in this place as a percentage of non-inter-level travel turns spent in the entire game.
 C = Inter-level travel turns spent in this place as a percentage of turns spent in this place.
 D = Turns resting spent in this place as a percentage of non-inter-level travel turns spent in this place.
 E = Turns spent auto-exploring this place as a percentage of non-inter-level travel turns spent in this place.
 F = Non-inter-level travel turns spent in this place divided by the number of levels of this place that you've seen.
                   A       B       C       D       E      F
               +-------+-------+-------+-------+-------+----------------------
         Total | 100.0 | 100.0 |   0.0 |   0.0 |   0.0 | 140.0
       Dungeon | 100.0 | 100.0 |   0.0 |   0.0 |   0.0 | 140.0
               +-------+-------+-------+-------+-------+----------------------

Table legend:
 A = Kills in this place as a percentage of kills in entire the game.
 B = Kills by you in this place as a percentage of kills by you in the entire game.
 C = Kills by friends in this place as a percentage of kills by friends in the entire game.
 D = Other kills in this place as a percentage of other kills in the entire game.
 E = Experience gained in this place as a percentage of experience gained in the entire game.
 F = Experience gained in this place divided by the number of levels of this place that you have seen.
                   A       B       C       D       E      F
               +-------+-------+-------+-------+-------+----------------------
         Total | 100.0 | 100.0 |   N/A |   N/A | 100.0 | 112.8
       Dungeon | 100.0 | 100.0 |   N/A |   N/A | 100.0 | 112.8
               +-------+-------+-------+-------+-------+----------------------

Vault maps used:
D:1:      dpeg_arrival_court, minmay_misc_feat_diagonals
D:2:      nicolae_overflow_hidden_temple
D:3:      first_ration, kennysheep_generic_room_6
D:4:      grunt_temple_overflow_gold_and_silver, serial_shops,
          nicolae_shop_behind_doors, shop
D:5:      lemuel_coloured_pillars_altar, lemuel_temple_firewalk_b
D:6:      nzn_random_ring, uniq_menkaure
